[Event "Ostravsky Konik FIDE-A 2024"]
[Site "Ostrava"]
[Date "2024.04.28"]
[Round "2.6"]
[White "Kubik, Rafal"]
[Black "Bujnoch, Radek"]
[Result "0-1"]
[ECO "C54"]
[WhiteElo "2074"]
[BlackElo "2307"]
[Annotator "TA"]
[PlyCount "112"]
[EventDate "2024.04.26"]
[EventType "swiss"]
[EventCountry "CZE"]
[SourceTitle "playchess.com"]
[Source "ChessBase"]
[SourceQuality "1"]
[TimeControl "40/5400+30:1800+30"]

1. e4 e5 2. Nf3 Nc6 3. Bc4 Bc5 4. c3 Nf6 5. d3 O-O 6. O-O d5 7. exd5 Nxd5 8. Re1 Bg4 9. Nbd2 Nb6 10. h3 Bh5 11. Bb3 {[%emt 0:00:30] The position is equal.} Qxd3 12. Nxe5 Qf5 {[%emt 0:00:30] Some like it hot} ({Much worse is} 12... Qg3 13. Qxh5 Qxf2+ (13... Bxf2+ $2 {is the wrong capture.} 14. Kh1 $18) 14. Kh2 Qxe1 15. Ndf3 $14 (15. Bxf7+ Rxf7 16. Qxf7+ Kh8 $19)) 13. Nef3 $1 Rad8 (13... Rae8 $5) 14. Qe2 Nd5 15. Ne4 Bxf3 16. Qxf3 Qxf3 17. gxf3 Bb6 18. Bg5 Nde7 $1 19. a4 a5 20. Kf1 Rfe8 (20... h6 $5 21. Be3 Ne5 $11) 21. Bxe7 Rxe7 22. Rad1 Rxd1 23. Rxd1 Kf8 24. Rd5 h6 (24... Ne5 $5) 25. Nc5 Bxc5 26. Rxc5 $11 {[%mdl 4096] Endgame. KRB-KRN} Re5 27. Rc4 Rf5 28. f4 Ke7 29. Bc2 Rf6 30. Ke2 Kd7 31. Be4 Nd8 32. Ke3 b6 33. b4 c6 34. Rd4+ Kc7 35. f5 Nb7 36. Kf4 Nd6 37. Ke5 Nxe4 38. Rxe4 {[%emt 0:00:30] Black must now prevent Rg4. KR-KR} Rd6 39. Rd4 {[%emt 0:00:30] Wards off Rd5+} Rxd4 40. Kxd4 {[%emt 0:00:30] aiming for bxa5. KP-KP} Kd6 41. bxa5 bxa5 42. Kc4 g5 {[%emt 0:00:30] Strongly threatening ...Ke5.} 43. fxg6 fxg6 44. h4 $2 {[%emt 0:00:30][%mdl 8192] White does not recover from this.} (44. f4 $11) 44... Ke5 $1 $19 45. Kc5 {[%emt 0:00:30] [#]} h5 $1 {[%emt 0:00:30][%cal Og6g5] ( -> ...g5!)} 46. f4+ Kxf4 {[%emt 0:00:30] Black mates.} 47. Kxc6 {[%emt 0:00:30] [#]} g5 $1 48. hxg5 Kxg5 {[%emt 0:00:30] KPP-KPP} 49. c4 h4 50. c5 h3 51. Kd7 h2 52. c6 h1=Q ({Inferior is} 52... h1=R 53. c7 Rh7+ 54. Kc6 $11) 53. c7 Qb7 54. Kd8 Kf6 55. Kd7 Ke5 56. Kd8 Kd6 {[%emt 0:00:30] Weighted Error Value: White=0.26 (precise) /Black=0.03 (flawless) .  Loses game:     	White=1     	---        Inaccurate:     	White=2     	Black=2      OK:         	White=13    	Black=16     Best:        	---       	Black=1      Strong:       	White=1     	Black=2} 0-1

[Event "Ostravsky Konik FIDE-A 2024"]
[Site "Ostrava"]
[Date "2024.04.29"]
[Round "3.1"]
[White "Nemitz, Alfred"]
[Black "Decuigniere, Tom"]
[Result "0-1"]
[ECO "D00"]
[WhiteElo "2235"]
[BlackElo "2401"]
[Annotator "TA"]
[PlyCount "128"]
[EventDate "2024.04.26"]
[EventType "swiss"]
[EventCountry "CZE"]
[SourceTitle "playchess.com"]
[Source "ChessBase"]
[SourceQuality "1"]
[TimeControl "40/5400+30:1800+30"]

1. d4 Nf6 2. Nc3 d5 3. Bf4 c5 4. e4 Nxe4 5. Nxe4 dxe4 6. dxc5 Qxd1+ 7. Rxd1 Nc6 8. Be3 {[%emt 0:00:04] The position is equal.} e5 9. a3 f5 10. g3 Be6 {[%emt 0:05:42] Inhibits Bc4.} 11. Bb5 ({White should play} 11. Bg2 $11) 11... Be7 $15 12. f3 {[%emt 0:03:23] [#]} f4 $1 13. gxf4 exf4 14. Bxf4 O-O 15. Bxc6 bxc6 16. Bd6 Bxd6 17. Rxd6 Bd5 $36 {[%emt 0:01:29][%mdl 2048] Hoping for ...Rab8. Black is pushing.} 18. c4 {[%emt 0:05:52] Black continues to play with concentration.} Bxc4 $17 19. Rd4 {[%emt 0:00:12] [#]} exf3 $1 {[%emt 0:22:16] ( -> ...f2+)} 20. Rxc4 f2+ 21. Kf1 {[%emt 0:00:03] [#] And now Nh3 would win.} Rad8 $1 (21... fxg1=R+ 22. Kxg1 Rab8 23. Rc2 $15) 22. Rc1 {[%emt 0:00:56] Dodges Rd1+. Ne2 would now be deadly.} fxg1=Q+ 23. Kxg1 {[%emt 0:00:11][%mdl 4096] Endgame. KRR-KRR} Rd2 {[%emt 0:00:25] Black is more active.} 24. h4 (24. b4 $17) 24... Rxb2 $19 25. Rh3 Rff2 26. Rd1 h6 27. Re3 (27. Rg3 $142) 27... Rg2+ 28. Kf1 Rh2 29. Kg1 {[%emt 0:01:13] Wards off Rh1+} Rxh4 30. Re6 Rg4+ 31. Kh1 Rb3 32. Kh2 {[%emt 0:12:48] Prevents Rh3+} Rxa3 33. Rxc6 Rc3 34. Rd7 Rb4 35. Rd2 {[%emt 0:00:30] Repels Rb2} Rbc4 36. Rd7 Rb4 37. Rd2 {[%emt 0:00:00] Prevents Rb2} Rb5 38. Rg2 (38. Ra6 {was worth a try.}) 38... Rcxc5 39. Rxh6 (39. Ra6 $142 Rh5+ 40. Kg3) 39... Rh5+ 40. Rxh5 Rxh5+ {[%emt 0:00:00] KR-KR} 41. Kg1 a5 {[%emt 0:06:31] ...a4 is the strong threat.} 42. Rg6 Rh6 43. Rg4 Ra6 44. Ra4 Kf7 45. Kf2 Ke6 46. Ke3 g5 47. Ke4 Kf6 48. Ke3 Kf5 49. Kf3 Ra8 50. Kg3 Ke5 {[%emt 0:01:57] Threatens to win with ...Kd6.} 51. Kg4 Kd5 {[%emt 0:00:51] Black mates.} 52. Kxg5 Kc5 53. Kf4 Kb5 54. Ra1 a4 55. Ke3 a3 56. Kd2 Ka4 57. Kc2 Rc8+ 58. Kd2 Rh8 59. Kc3 Rh3+ 60. Kc4 Rh2 61. Rd1 a2 62. Rd8 Rh4+ (62... a1=B 63. Ra8#) 63. Kc5 Rh5+ ({Inferior is} 63... a1=B 64. Ra8+ Kb3 65. Rxa1 $11) 64. Kc4 a1=Q {[%emt 0:04:30] Weighted Error Value: White=0.30/Black=0.14 (very precise) .  Mistake:       	White=6     	---        Inaccurate:     	White=3     	Black=2      OK:         	White=10    	Black=13     Best:        	White=3     	Black=4      Strong:       	---       	Black=2} ({Worse is} 64... a1=B 65. Ra8+ Ra5 66. Rxa5+ Kxa5 $11) 0-1

[Event "Ostravsky Konik FIDE-A 2024"]
[Site "Ostrava"]
[Date "2024.04.29"]
[Round "3.2"]
[White "Nguyen, Piotr"]
[Black "Xylogiannopoulos, Antonios"]
[Result "1-0"]
[ECO "D02"]
[WhiteElo "2398"]
[BlackElo "2247"]
[Annotator "TA"]
[PlyCount "75"]
[EventDate "2024.04.26"]
[EventType "swiss"]
[EventCountry "CZE"]
[SourceTitle "playchess.com"]
[Source "ChessBase"]
[SourceQuality "1"]
[TimeControl "40/5400+30:1800+30"]

1. Nf3 d5 2. d4 Nf6 3. g3 Bf5 4. c4 e6 5. Nc3 c6 6. Qb3 Qb6 7. c5 Qxb3 8. axb3 {[%emt 0:00:04] The position is equal.} h6 9. h3 Be7 10. g4 Be4 11. Bf4 O-O 12. b4 Na6 13. Ra4 Bc2 {[%emt 0:06:36] [#]} 14. Rxa6 bxa6 15. Ne5 Ne4 16. Nxe4 dxe4 (16... Bxe4 $14 {should be considered.} 17. f3 Bc2 (17... Bh4+ $2 18. Kd2 $18)) 17. Nxc6 $16 Bf6 {[%emt 0:00:03] Black is weak on the dark squares} 18. e3 Ba4 19. Na5 {[%emt 0:04:16] White is more active.} e5 20. dxe5 Bd8 21. e6 $36 {[%emt 0:08:24][%mdl 2048] Keeping Black busy.} Bxa5 (21... fxe6 $16 22. b3 (22. Bxa6 Rxf4 23. exf4 Rb8 $14) 22... Bxa5 23. bxa5 Bxb3) 22. exf7+ (22. bxa5 $18 {And now e7 would win.} fxe6 23. Bxa6) 22... Rxf7 23. bxa5 Bb5 (23... Rd8 $16 24. Bd6 Rb7 (24... Bb5 $2 25. Bxb5 axb5 26. Ke2 $18)) 24. Bxb5 $18 axb5 {[%emt 0:00:01][%mdl 4096] Endgame. KRR-KRB} 25. c6 ({Better is} 25. Ke2 $18) 25... Rc8 26. c7 Rd7 27. Ke2 Kf7 (27... Rcxc7 $16 28. Bxc7 Rxc7) 28. Rc1 Re7 29. Rc5 a6 30. Kd2 Re6 31. Kc3 Ke7 32. Kd4 Kd7 33. Be5 Rc6 (33... Rce8 $142 34. Kxe4 (34. Bxg7 Rd6+ 35. Kc3 Rd3+ 36. Kb4 Rd2 $18) 34... Kc8) 34. Rd5+ (34. Bxg7 Rxc5 35. Kxc5 Rxc7+ 36. Kd5 Rc2 $11) 34... Ke6 35. b3 {[%emt 0:01:58] Inhibits Rc4+. White is clearly winning.} ({But not} 35. Kxe4 Ke7 36. f4 (36. Bxg7 R8xc7 37. Bd4 Re6+ 38. Kf5 Rec6 $18) 36... Rg8) 35... g6 36. Kxe4 R8xc7 37. Bxc7 Rxc7 38. f4 {[%emt 0:02:08] Weighted Error Value: White=0.24 (precise) /Black=0.47.  Mistake:       	White=2     	Black=5      Inaccurate:     	White=2     	Black=6      OK:         	White=16    	Black=8      Best:        	White=2     	Black=1      Brilliant:      	White=1     	---} 1-0

[Event "Ostravsky Konik FIDE-A 2024"]
[Site "Ostrava"]
[Date "2024.04.29"]
[Round "3.3"]
[White "Sernecki, Franciszek"]
[Black "Pourquet, Matthieu"]
[Result "1-0"]
[ECO "D32"]
[WhiteElo "2342"]
[BlackElo "2214"]
[Annotator "TA"]
[PlyCount "109"]
[EventDate "2024.04.26"]
[EventType "swiss"]
[EventCountry "CZE"]
[SourceTitle "playchess.com"]
[Source "ChessBase"]
[SourceQuality "1"]
[TimeControl "40/5400+30:1800+30"]

1. d4 d5 2. c4 e6 3. Nf3 c5 4. cxd5 exd5 5. Bg5 Nf6 6. Nc3 Be6 7. dxc5 Bxc5 8. e3 h6 9. Bh4 {[%emt 0:03:41] White is slightly better.} O-O 10. Be2 Nc6 11. O-O g5 12. Bg3 Ne4 13. Qa4 Nxg3 14. hxg3 Qe7 15. Rfd1 Rfd8 16. Bb5 Rac8 17. Rac1 Bb6 18. Bxc6 bxc6 19. Nd4 Bd7 20. Qc2 (20. Rd2 $11) 20... Qf6 (20... Bg4 $1 $15 21. Re1 Qf6) 21. b4 $11 Bg4 22. Nde2 Re8 23. Re1 Bf5 24. Qd2 Rcd8 25. Nd4 Rd6 26. b5 c5 (26... Bxd4 $11 {keeps the balance.} 27. exd4 Rxe1+ 28. Rxe1 Re6) 27. Nxf5 $16 Qxf5 28. e4 $1 Qg4 {[%emt 0:01:49] [#] This costs Black the game.} (28... Qg6 $16) 29. Nxd5 $18 (29. exd5 Rdd8 $16) 29... Rde6 30. Qc3 Bd8 31. Qf3 (31. Qxc5 $142 Rxe4 32. Red1) 31... Qxf3 32. gxf3 Bb6 33. g4 Kg7 34. Ne3 Kg6 35. Red1 h5 36. gxh5+ Kxh5 37. Kg2 Kg6 38. Rd7 Rh8 39. Rh1 Rxh1 40. Kxh1 {[%emt 0:00:10][%mdl 4096] Endgame. KRB-KRN} c4 41. Nxc4 Bxf2 42. Kg2 Bc5 43. Kg3 a6 (43... Re8 $142 44. Kg4 Rh8) 44. a4 axb5 45. axb5 {[%emt 0:00:00] [#] Hoping for Rc7.} Bg1 (45... Kg7 $142 46. Kg4 (46. Rd5 Bg1 $18) 46... Kf8) 46. Rd6 Rxd6 47. Nxd6 {[%emt 0:00:00] KB-KN} Bc5 48. Nc4 {[%emt 0:00:00] White wants to mate with b6.} f5 49. Ne5+ {[%emt 0:00:00] White mates.} Kg7 50. Nd7 ({Stronger than} 50. exf5 Bd6 51. f4 gxf4+ 52. Kxf4 Kf6 $11) 50... Be3 51. exf5 Kf7 52. Ne5+ Ke7 53. Kg4 Kd8 54. f6 Ke8 55. Kf5 {[%emt 0:00:00] Weighted Error Value: White=0.15 (very precise) /Black=0.34.  Loses game:     	---       	Black=1      Mistake:       	White=2     	Black=4      Inaccurate:     	White=3     	Black=2      OK:         	White=15    	Black=16     Best:        	White=4     	---        Strong:       	White=1     	---} 1-0

[Event "Ostravsky Konik FIDE-A 2024"]
[Site "Ostrava"]
[Date "2024.04.29"]
[Round "3.4"]
[White "Bujnoch, Radek"]
[Black "Jafarli, Babak"]
[Result "1-0"]
[ECO "A79"]
[WhiteElo "2307"]
[BlackElo "2187"]
[Annotator "TA"]
[PlyCount "67"]
[EventDate "2024.04.26"]
[EventType "swiss"]
[EventCountry "CZE"]
[SourceTitle "playchess.com"]
[Source "ChessBase"]
[SourceQuality "1"]
[TimeControl "40/5400+30:1800+30"]

1. d4 Nf6 2. c4 c5 3. d5 e6 4. Nc3 exd5 5. cxd5 d6 6. Nf3 g6 7. Nd2 Bg7 8. e4 O-O 9. Be2 Re8 10. O-O Na6 11. f3 Nc7 12. a4 b6 13. Nc4 Ba6 14. Rb1 Bxc4 15. Bxc4 a6 16. b4 Nh5 {[%emt 0:00:46] White is slightly better.} 17. Bd2 (17. bxc5 $14 {stays ahead.} bxc5 18. Ne2) 17... Qh4 $2 (17... Bd4+ $1 $17 {keeps the pressure on.} 18. Kh1 Ng3+ 19. hxg3 Re5) 18. Qe1 Qf6 {[%emt 0:03:34] Strongly threatening ...Qd4+.} 19. Kh1 Rab8 20. bxc5 bxc5 21. Ne2 {[%emt 0:02:07] Dodges Qd4} Qe7 22. Ba5 f5 (22... Qd7 $142) 23. Rxb8 $16 Rxb8 24. exf5 gxf5 25. Ng3 Nxg3+ 26. Qxg3 Kh8 {[%emt 0:07:29] [#]} (26... Qd7 $16) 27. Re1 $1 $36 {[%emt 0:01:58][%mdl 2048] White is on the roll.} Qd7 {[%emt 0:01:20] [#]} 28. Qh4 $1 {[%emt 0:04:49] Black must now prevent h3.} Ne8 (28... Qf7 $142 29. h3 (29. Re7 Rb1+ 30. Re1 Bf6 $16) 29... Bf6) 29. Bd3 {[%emt 0:16:05][%cal Oe1e7,Bc4d3,Bd3f5,Bf5c2][%mdl 32] Threatens to win with Re7!} Nf6 $2 {[%emt 0:06:09] This costs Black the game.} (29... Qf7 $16 {is more resistant.} 30. Re6 (30. Bxa6 Nf6 $16) 30... Be5) 30. Re6 {[%emt 0:07:51] White is clearly winning.} ({Less strong is} 30. Bxa6 Qa7 $16) 30... Re8 31. Bxf5 Rxe6 32. dxe6 Qb7 33. Bc3 {[%emt 0:02:56] This pair of bishops is nice.} Qd5 34. Bc2 {[%emt 0:03:37] Weighted Error Value: White=0.21 (precise) /Black=0.53.  Loses game:     	---       	Black=1      Mistake:       	White=1     	Black=4      Inaccurate:     	White=1     	Black=1      OK:         	White=6     	Black=2      Best:        	White=4     	---} 1-0

[Event "Ostravsky Konik FIDE-A 2024"]
[Site "Ostrava"]
[Date "2024.04.29"]
[Round "3.6"]
[White "Rudolf, Michal"]
[Black "Mannion, Stephen R"]
[Result "1/2-1/2"]
[ECO "C79"]
[WhiteElo "2268"]
[BlackElo "2159"]
[Annotator "TA"]
[PlyCount "81"]
[EventDate "2024.04.26"]
[EventType "swiss"]
[EventCountry "CZE"]
[SourceTitle "playchess.com"]
[Source "ChessBase"]
[SourceQuality "1"]
[TimeControl "40/5400+30:1800+30"]

1. e4 e5 2. Nf3 Nc6 3. Bb5 a6 4. Ba4 Nf6 5. O-O d6 6. Re1 Bd7 7. c3 g6 8. d4 Bg7 9. h3 O-O 10. Bc2 Nh5 11. Bg5 {[%emt 0:00:30] White is slightly better.} f6 12. Be3 Kh8 13. Nbd2 Qe8 14. Nf1 (14. Nc4 $14) 14... f5 $11 15. exf5 gxf5 16. dxe5 dxe5 17. Bc5 (17. Nh4 $11) 17... Rf6 (17... Rg8 $15 18. Bb3 Be6) 18. Ne3 (18. Ng3 $1 $11 Nxg3 19. fxg3) 18... Nf4 $1 $17 19. Nd5 Nxd5 20. Qxd5 Be6 21. Qd2 ({White has to play} 21. Qd1 $1 $15) 21... b6 $1 $36 {[%mdl 2048] Black has strong initiative.} 22. Ba3 e4 (22... Bh6 $17 23. Qe2 (23. Ng5 $2 Rd8 $19) 23... e4) 23. Nd4 ({Only move:} 23. Ng5 $15) 23... Rd8 24. Qe2 (24. Rad1 $17) 24... Nxd4 25. cxd4 Rg6 (25... Rxd4 26. Rad1 Rg6 27. b3 $17) 26. Rad1 Bxd4 {[%emt 0:04:00] ...c5 would now be deadly.} (26... Bxa2 27. b3 $17) 27. b3 (27. Kh1 $142) 27... Bc3 (27... Qg8 $19 {is more deadly.} 28. Rxd4 Rxg2+ (28... Rxd4 $2 29. Qf1 $19) 29. Kh1 Rxd4) 28. Rf1 (28. Rxd8 $17 Qxd8 29. Rd1) 28... Qg8 (28... Bd5 $19 {White must now prevent ...Qe5.} 29. Bc1 Be5 (29... e3 30. f3 $11)) 29. f3 {[%emt 0:00:30] [#]} e3 30. Kh1 (30. Qxa6 Rxg2+ 31. Kh1 Rxd1 (31... Rxc2 32. Rxd8 Qxd8 33. Bc1 Qh4 34. Qa8+ Bg8 35. Qxg8+ Kxg8 36. Rg1+ Bg7 37. Rg3 Qxg3 38. Bd2 exd2 39. b4 d1=Q#) 32. Rxd1 Be5 (32... Rxc2 $2 33. Rg1 $19) 33. f4 Bd5 (33... Bxf4 34. Bb2+ Rg7 35. Bxg7+ Qxg7 36. Rd8+ Bg8 37. Qc4 $11) (33... Rg1+ 34. Rxg1 Bd5+ 35. Be4 Bxe4+ 36. Kh2 Bxf4+ 37. Rg3 Qxg3#) (33... Bxf4 34. Bb2+ Rg7 35. Bxg7+ Qxg7 36. Rd8+ Bg8 37. Qc4 $11) (33... Rg1+ 34. Rxg1 Bd5+ 35. Be4 Bxe4+ 36. Kh2 Bxf4+ 37. Rg3 Qxg3#)) (30. Rxd8 $11 {keeps the balance.} Qxd8 31. Bc1 (31. Qxe3 $2 Bd4 $19)) 30... Bd4 $2 {[%emt 0:00:30][%mdl 8192] [#]} ({Don't play} 30... Rd2 31. Rxd2 exd2 32. Qe3 $11) (30... Rxg2 $17 {keeps the pressure on.} 31. Qxg2 Qxg2+ 32. Kxg2 Rg8+ 33. Kh1 e2) 31. Rxd4 $1 $16 Rxd4 32. Bb2 c5 33. Qxe3 ({Stronger than} 33. Bxd4+ cxd4 34. Bd3 a5 $17) ({White should try} 33. Rg1 $16) 33... Rxg2 $1 $11 {[%emt 0:00:30][%cal Og8g3] ...Qg3! is the strong threat. The position is equal.} 34. Bxd4+ cxd4 35. Qe5+ Qg7 36. Qxe6 Qg3 $1 (36... Rxc2 $2 {perishes.} 37. Rg1 $18 (37. Qxb6 $2 Qg2#) (37. Qxb6 $2 Qg2#)) 37. Qe8+ (37. Qxf5 $2 Qh2#) 37... Kg7 38. Qe7+ (38. Bxf5 $2 Qh2#) 38... Kg8 39. Qd8+ (39. Bxf5 $2 Qh2#) 39... Kg7 40. Qxd4+ Kg8 41. Qd8+ {[%emt 0:30:30] Whites escaped into a draw.   Weighted Error Value: White=0.32/Black=0.30.  Mistake:       	White=10    	Black=6      Inaccurate:     	---       	Black=1      OK:         	White=10    	Black=8      Best:        	White=1     	Black=2      Strong:       	---       	Black=4      Brilliant:      	White=1     	---} (41. Bxf5 $2 Qh2#) 1/2-1/2

[Event "Ostravsky Konik FIDE-A 2024"]
[Site "Ostrava"]
[Date "2024.04.29"]
[Round "3.7"]
[White "Zdybel, Przemyslaw"]
[Black "Jendrowiak, Maciej"]
[Result "1-0"]
[ECO "B12"]
[WhiteElo "2264"]
[BlackElo "1907"]
[Annotator "TA"]
[PlyCount "125"]
[EventDate "2024.04.26"]
[EventType "swiss"]
[EventCountry "CZE"]
[SourceTitle "playchess.com"]
[Source "ChessBase"]
[SourceQuality "1"]
[TimeControl "40/5400+30:1800+30"]

1. e4 c6 2. d4 d5 3. e5 Bf5 4. h4 h5 5. Bd3 Bxd3 6. Qxd3 Qa5+ 7. Nd2 e6 8. Ngf3 {The position is equal.} Qa6 9. c4 Ne7 10. b3 Nd7 11. O-O Nf5 12. Bb2 Be7 13. g3 O-O 14. Qc2 b6 15. a4 Qb7 16. cxd5 cxd5 17. Qd3 a6 18. Bc3 b5 19. Rfc1 b4 20. Bb2 Rfc8 21. Rxc8+ Rxc8 22. Rd1 Rc6 23. Ne1 g6 24. Ndf3 Qc8 25. Kg2 Kg7 26. Qb1 Rc7 27. Bc1 Rc3 28. Bd2 Rc6 29. Qd3 Qc7 30. Kh3 Nh6 31. Ng5 Nf5 32. Ngf3 Nh6 33. Ng1 Nf5 34. Ne2 Qb6 35. Ng2 f6 36. exf6+ Bxf6 37. Bf4 Rc8 38. Ne3 Nxe3 39. Bxe3 Nf8 40. Kh2 a5 41. Re1 Qc6 (41... Kh7 $16 {was necessary.}) 42. Rc1 $18 Qb7 43. Qd2 Rc6 $2 (43... Nd7 $16) 44. Bh6+ Kf7 45. Bxf8 Kxf8 46. Nf4 Kg7 47. Rxc6 Qxc6 {[%emt 0:00:30][%mdl 4096] Endgame. KQB-KQN} 48. Qd3 Qe8 49. Qa6 Kf7 50. Qxa5 Bxd4 51. Kg2 Bc3 {[%emt 0:00:30] A mistake that costs the game.} (51... Qc6 $16 {is a better chance.} 52. Qxb4 e5) 52. Qc7+ {[%emt 0:00:30] White is clearly winning.} Kf6 53. Qb6 {[%emt 0:00:30][%cal Oa4a5] [#] a5! would now be deadly.} d4 54. a5 {[%emt 0:00:30] a6 is the strong threat.} Qd7 55. a6 {[%emt 0:00:30] a7 would kill now.} d3 56. Qb7 Qxb7+ 57. axb7 {[%emt 0:00:30] KB-KN} d2 {[%emt 0:00:30] [#] And now ...Be5 would win.} 58. b8=Q {[%emt 0:00:30] Threatening mate with Qf8+.} (58. b8=B $2 d1=Q (58... d1=R $2 59. Bc7 $19) 59. Bc7 e5 $19 (59... Qxb3 $2 60. Bd6 $19)) 58... d1=Q 59. Qf8+ Ke5 60. Qc5+ Kf6 61. Qg5+ Kg7 62. Qxg6+ Kh8 63. Qxe6 {[%emt 0:00:30] Weighted Error Value: White=0.10 (very precise) /Black=0.21 (precise) .  Loses game:     	---       	Black=1      Mistake:       	White=1     	Black=2      Inaccurate:     	White=1     	Black=7      OK:         	White=23    	Black=15     Best:        	White=2     	Black=3} (63. Qf7 $142 Bg7 64. Qe8+ (64. Nxh5 Qd5+ 65. f3 Be5 $18) (64. Qxe6 Qd8 $18) (64. Qxh5+ Qxh5 65. Nxh5 Bc3 $18) 64... Kh7 65. Qg6+ (65. Qxe6 Qc2 $18) (65. Nxe6 Qd5+ 66. Kg1 Bc3 $18) (65. Qxh5+ Qxh5 66. Nxh5 Bc3 $18) 65... Kh8 66. Nxe6 (66. Nxh5 Qd5+ 67. f3 Be5 $18) (66. Qxe6 Qd8 $18) 66... Qd5+ 67. Kh2) 1-0

[Event "Ostravsky Konik FIDE-A 2024"]
[Site "Ostrava"]
[Date "2024.04.30"]
[Round "4.1"]
[White "Decuigniere, Tom"]
[Black "Bujnoch, Radek"]
[Result "1/2-1/2"]
[ECO "D44"]
[WhiteElo "2401"]
[BlackElo "2307"]
[Annotator "TA"]
[PlyCount "104"]
[EventDate "2024.04.26"]
[EventType "swiss"]
[EventCountry "CZE"]
[SourceTitle "playchess.com"]
[Source "ChessBase"]
[SourceQuality "1"]
[TimeControl "40/5400+30:1800+30"]

1. d4 d5 2. c4 c6 3. Nf3 Nf6 4. Nc3 e6 5. Bg5 dxc4 6. e4 b5 7. e5 h6 8. Bh4 g5 9. Nxg5 hxg5 10. Bxg5 Nbd7 11. g3 Bb7 12. Bg2 Qb6 13. exf6 (13. Bxf6 $6 Nxf6 14. exf6 O-O-O $11) 13... c5 14. dxc5 Bxc5 15. O-O O-O-O {[%emt 0:11:15][%cal Oc5f2] White is slightly better.} 16. Qe2 Bd4 17. a4 a6 18. axb5 axb5 19. Be3 {[%emt 0:20:30] Some like it hot} Nc5 $2 (19... Bxg2 $14 20. Kxg2 Qc6+ 21. f3 Bxe3 22. Qxe3 Nxf6) 20. Bxd4 $1 $18 Rxd4 21. Bxb7+ Kxb7 22. Qf3+ ({White has to play} 22. Ra2 $1 $18) 22... Qc6 $16 {[%emt 0:01:06] [#]} 23. Ra7+ $3 Kb6 24. Qxc6+ Kxc6 25. Rxf7 (25. Rc7+ $1 $16 Kb6 26. Rxf7) 25... b4 ({Black should play} 25... Rd2 $1 $14) 26. Nd1 $1 $18 Nd3 {[%emt 0:10:01] [#]} 27. h4 (27. Ne3 $1 $18) 27... Re4 (27... Rd7 $16 {was called for.} 28. Rg7 Rxg7 29. fxg7 Rg8) 28. Kg2 Ne1+ 29. Kh3 Nf3 {[%emt 0:00:00] [#]} 30. Rg7 {[%emt 0:00:24] Against Ng5+} Rf8 31. f7 Ne5 32. Ne3 (32. h5 $18 {Threatens to win with h6.} Nxf7 33. Ne3) 32... Nxf7 $16 33. Rg4 Rxg4 34. Nxg4 {[%emt 0:00:01][%mdl 4096] Endgame. KRN-KRN} Kc5 35. Re1 ({White should try} 35. h5 $16) 35... Kd6 (35... c3 $14) 36. f4 {[%emt 0:03:48] White is more active.} Rc8 37. Ne3 ({Better is} 37. Kg2 $16) 37... c3 $11 38. bxc3 Rxc3 39. f5 exf5 40. Nxf5+ Kd5 41. Re7 Ne5 42. Rb7 b3 43. h5 Ke4 44. Nh4 Nd3 {[%emt 0:04:39] aiming for ...b2.} 45. Ng6 {[%emt 0:00:00] h6 is the strong threat.} b2 {[%emt 0:00:47] The position is equal.} 46. h6 Rc1 47. Kg2 {[%emt 0:00:00] And now h7 would win.} ({Avoid the trap} 47. h7 $2 Rh1+ 48. Kg2 Rxh7 $19 (48... b1=R 49. Rxb1 Rxh7 50. Rf1 $11)) 47... b1=Q (47... b1=B 48. h7 Ne1+ 49. Kh3 $18) 48. Rxb1 Rxb1 49. h7 Rb8 50. h8=Q Rxh8 51. Nxh8 {[%emt 0:10:22] [#]} Nf4+ $1 52. gxf4 Kxf4 {[%emt 0:03:46] Black defended with fortune.   Weighted Error Value: White=0.19 (very precise) /Black=0.29 (precise) .  Loses game:     	---       	Black=1      Mistake:       	White=6     	Black=3      Inaccurate:     	White=3     	Black=1      OK:         	White=9     	Black=15     Best:        	White=3     	Black=5      Strong:       	White=2     	---        Brilliant:      	White=1     	---} 1/2-1/2

[Event "Ostravsky Konik FIDE-A 2024"]
[Site "Ostrava"]
[Date "2024.04.30"]
[Round "4.2"]
[White "Zdybel, Przemyslaw"]
[Black "Nguyen, Piotr"]
[Result "0-1"]
[ECO "B06"]
[WhiteElo "2264"]
[BlackElo "2398"]
[Annotator "RC"]
[PlyCount "54"]
[EventDate "2024.04.26"]
[EventType "swiss"]
[EventCountry "CZE"]
[SourceTitle "playchess.com"]
[Source "ChessBase"]
[SourceQuality "1"]
[TimeControl "40/5400+30:1800+30"]

1. e4 g6 2. d4 Bg7 3. Nc3 d6 4. Be3 a6 5. Qd2 b5 6. h4 Nf6 7. f3 h5 8. Nh3 Bxh3 9. Rxh3 Nbd7 10. d5 Qc8 11. a4 Ne5 12. Rh1 b4 13. Na2 c5 14. Be2 O-O 15. Bg5 Rb8 16. b3 c4 17. Rd1 a5 18. Qe3 Rb7 19. Rd2 Rc7 20. Kf2 Nh7 21. Bf4 cxb3 22. cxb3 f5 23. Kg1 Rc2 24. Bxe5 Bxe5 25. f4 Bg7 26. exf5 Qxf5 27. g3 Rxa2 0-1